 Dungeon Crawl Stone Soup version 0.27-a0-46-g34d46f0a3f (webtiles) character file.

Game seed: 638303826465850971

1632 Borgoz the Ruffian (level 8, -7/71 HPs)
             Began as a Ghoul Monk on Jan 7, 2021.
             Was a Believer of Ashenzari.
             Mangled by an orc warrior
             ... wielding a +0 mace
              (13 damage)
             ... on level 6 of the Dungeon.
             The game lasted 00:08:23 (5177 turns).

Borgoz the Ruffian (Ghoul Monk)                     Turns: 5177, Time: 00:08:23

Health: -7/71      AC:  7    Str: 16    XL:     8   Next: 98%
Magic:  7/7        EV: 13    Int:  5    God:    Ashenzari [**....]
Gold:   273        SH:  0    Dex: 18    Spells: 7/7 levels left

rFire    . . .     SeeInvis .     - Unarmed
rCold    + . .     Faith    .   (no shield)
rNeg     + + +     Spirit   .   f - +0 scale mail
rPois    ∞         Reflect  .   (no helmet)
rElec    .         Harm     .   (no cloak)
rCorr    .         Rampage  .   (no gloves)
Will     .....                  (no boots)
Stlth    ++........             g - amulet of regeneration (curse)
HPRegen  0.00/turn              a - +6 ring of dexterity (curse)
MPRegen  0.10/turn              (no ring)

@: no status effects
A: claws 1, cold resistance 1, negative energy resistance 3, inhibited
regeneration, torment resistance, unbreathing
a: Renounce Religion, Curse Item, Scrying


You were on level 6 of the Dungeon.
You worshipped Ashenzari.
Ashenzari was pleased with you.
You visited 2 branches of the dungeon, and saw 7 of its levels.

You collected 273 gold pieces.

Inventory:

Armour
 e - the cursed +0 robe of the Manifold Seas {rPois rC+ Str+2 Int+7}
   (You took it off an orc on level 6 of the Dungeon)

   It affects your strength (+2).
   It affects your intelligence (+7).
   It protects you from cold.
   It protects you from poison.
   It has a curse placed upon it.
 f - a +0 scale mail (worn)
Jewellery
 a - a cursed +6 ring of dexterity (left claw)
 g - a cursed amulet of regeneration (around neck)
Wands
 k - a wand of disintegration (14)
Scrolls
 b - a scroll of blinking
 d - 3 scrolls of teleportation
 h - 2 scrolls of remove curse
 j - 2 scrolls of enchant weapon
 n - a scroll of magic mapping
 o - a scroll of fog
Potions
 c - 2 potions of brilliance
 i - a potion of invisibility


   Skills:
 + Level 6.6 Fighting
 + Level 4.3 Armour
 + Level 5.4 Dodging
 - Level 5.0 Stealth
 + Level 6.6 Unarmed Combat


You had 7 spell levels left.
You didn't know any spells.
Your spell library was empty.

Dungeon Overview and Level Annotations

Branches:
Dungeon (6/15)             Temple (1/1) D:4

Altars:
Ashenzari
Cheibriados
Dithmenos
Elyvilon
Fedhas
Gozag
Hepliaklqana
Kikubaaqudgha
Makhleb
Nemelex Xobeh
Okawaru
Ru
Sif Muna
Trog
Uskayaw
Vehumet
Wu Jian
Xom
Yredelemnul
Zin
The Shining One

Annotations:
D:5 1 transporter, kannibaal's ghost, novice MiBe


Innate Abilities, Weirdness & Mutations

You thrive by killing the living.
You are immune to poison.
You have sharp fingernails.
Your flesh is cold resistant. (rC+)
You are immune to negative energy. (rN+++)
You do not regenerate when monsters are visible.
You are immune to unholy pain and torment.
You can survive without breathing.


Message History

You feel better.
You feel better.
The orc warrior hits you with a +0 mace!
* * * LOW HITPOINT WARNING * * *
You barely miss the orc warrior.
The orc warrior is heavily wounded.
The orc warrior closely misses you.
You scratch the orc warrior.
The orc warrior is severely wounded.
The orc warrior hits you with a +0 mace!
* * * LOW HITPOINT WARNING * * *
You scratch the orc warrior but do no damage.
The orc warrior is severely wounded.
Evoke which item? (* to show all) (? for menu, Esc to quit)
Aiming: Disintegrate
Press: ? - help, Shift-Dir - straight line, f/p - orc warrior
Aim: an orc warrior, wielding a +0 mace and wearing a +0 chain mail (severely wounded, chance to affect: 65%)
The orc warrior struggles to resist.
The orc warrior hits you with a +0 mace!
You die...

* , ** *#.#
#.# #####.#* *
, , #...... ,
, #.....# *, *
#.....# *,* ,
, #....)# *
#....@### #
#>....o.#.#
###.>...#.#
#.....'.#
#.....###
#.....########
####'#.......#
, #)#.#####<#
##[#.### *,


You could see an orc warrior.

Vanquished Creatures
  Grinder (D:3)
  Sigmund (D:5)
  Eustachio (D:4)
  A sky beast (D:6)
  A phantom (D:5)
  A centaur (D:5)
  A bullfrog (D:6)
  2 killer bees (D:5)
  A howler monkey (D:6)
  2 hounds
  A jelly (D:6)
  A centaur zombie (D:6)
  4 orc priests (D:6)
  5 orc wizards
  Terence (D:2)
  2 worker ants (D:5)
  A hound skeleton (D:5)
  8 adders
  A shadow imp (D:5)
  3 white imps
  An ufetubus (D:5)
  An adder skeleton (D:6)
  A worm (D:2)
  2 dart slugs (D:1)
  6 leopard geckos
  17 orcs
  6 giant cockroaches
  13 goblins
  8 hobgoblins
  7 jackals
  11 kobolds
  4 quokkas
  A ball python (D:2)
  6 bats
  5 frilled lizards
  9 rats
137 creatures vanquished.

Vanquished Creatures (others)
  11 fungi (D:5)
11 creatures vanquished.

Grand Total: 148 creatures vanquished

Notes
Turn   | Place    | Note
-------+----------+-------------------------------------------
     0 | D:1      | Borgoz the Ghoul Monk began the quest for the Orb.
     0 | D:1      | Reached XP level 1. HP: 19/19 MP: 0/0
    81 | D:1      | Reached XP level 2. HP: 26/26 MP: 1/1
   238 | D:1      | Reached XP level 3. HP: 25/31 MP: 2/2
   864 | D:2      | Reached skill level 1 in Armour
   864 | D:2      | Reached XP level 4. HP: 31/40 MP: 3/3
  1175 | D:2      | Noticed Terence
  1194 | D:2      | Killed Terence
  1312 | D:2      | Found a shimmering blue altar of Sif Muna.
  1317 | D:2      | Reached XP level 5. HP: 42/46 MP: 4/4
  1317 | D:2      | Found an ornate altar of the Wu Jian Council.
  1317 | D:2      | Found a glowing golden altar of the Shining One.
  1945 | D:3      | Noticed Grinder
  1962 | D:3      | Paralysed by Grinder for 5 turns
  1969 | D:3      | Paralysed by Grinder for 2 turns
  1984 | D:3      | Killed Grinder
  1985 | D:3      | Reached XP level 6. HP: 7/53 MP: 5/5
  2589 | D:4      | Found an iron altar of Okawaru.
  2735 | D:4      | Noticed Eustachio
  2861 | D:4      | Reached XP level 7. HP: 60/60 MP: 6/6
  2887 | D:4      | Killed Eustachio
  2888 | D:4      | Reached skill level 5 in Fighting
  2888 | D:4      | Reached skill level 5 in Unarmed Combat
  3034 | D:4      | Found a staircase to the Ecumenical Temple.
  3093 | Temple   | Entered the Ecumenical Temple
  3338 | Temple   | Became a worshipper of Ashenzari the Shackled
  3338 | Temple   | Reached * piety under Ashenzari
  3338 | Temple   | Reached ** piety under Ashenzari
  3600 | D:5      | Entered Level 5 of the Dungeon
  3766 | D:5      | Found a transporter.
  3766 | D:5      | Found a transporter.
  3782 | D:5      | Reached skill level 5 in Stealth
  3782 | D:5      | Reached XP level 8. HP: 47/69 MP: 7/7
  3798 | D:5      | Noticed kannibaal's ghost (novice MiBe)
  4155 | D:5      | Noticed Sigmund
  4164 | D:5      | Killed Sigmund
  4768 | D:6      | Reached skill level 5 in Dodging
  4859 | D:6      | Identified the cursed +0 robe of the Manifold Seas {rPois
                  | rC+ Str+2 Int+7}
  5177 | D:6      | Mangled by an orc warrior

Illustrated notes

Levels and vault maps discovered:
D:1:      roderic_crossed_star, layout_loops_ring
D:2:      layout_basic, nicolae_overflow_hidden_temple,
          grunt_temple_overflow_open, uniq_terence
D:3:      layout_basic, uniq_grinder
D:4:      kennysheep_big_flooded_room, layout_basic,
          minmay_temple_entry_overgrown, okawaru_trees_1, uniq_eustachio
D:5:      layout_loops_cross, gammafunk_ghost_hive, serial_aquarium,
          aquarium_bridge_straight [aquarium_subvault_bridge,
          aquarium_subvault_balcony, aquarium_subvault_bridge,
          aquarium_subvault_wall], aquarium_bridge_straight
          [aquarium_subvault_bridge, aquarium_subvault_wall,
          aquarium_subvault_bridge, aquarium_subvault_balcony],
          aquarium_window_fake, aquarium_window_fake, aquarium_window_2,
          aquarium_view_2d, aquarium_view_2e, aquarium_balcony_double_4,
          aquarium_pool_side, minmay_fountain_box, uniq_sigmund
D:6:      layout_basic
Temple:   dpeg_five_rooms_temple

Skill      XL: |  1  2  3  4  5  6  7  8 |
---------------+-------------------------+-----
Dodging        | 3 4 5 |  5.4
Armour         | 1 2 3 4 |  4.3
Stealth        | 3 4 5 |  5.0
Unarmed Combat | 4 5 6 |  6.6
Fighting       | 4 5 6 |  6.6

Action                   |  1- 3 |  4- 6 |  7- 9 || total
-------------------------+-------+-------+-------++-------
Melee: Unarmed           |   104 |   223 |   267 ||   594
       Punch             |       |     3 |     6 ||     9
Invok: Curse Item        |       |       |     2 ||     2
Evoke: Wand              |       |       |     2 ||     2
  Use: Scroll            |     2 |     8 |     4 ||    14
       Potion            |       |     6 |     3 ||     9
 Stab: Sleeping          |     2 |       |     3 ||     5
Armor: Robe              |     9 |       |       ||     9
       Scale mail        |     7 |    84 |    74 ||   165
Dodge: Dodged            |    76 |   134 |   146 ||   356

Table legend: (Time is in decaauts)
 A = Elapsed time spent in this place.
 B = Non-inter-level travel time spent in this place.
 C = Inter-level travel time spent in this place.
 D = Time resting spent in this place.
 E = Time spent auto-exploring this place.
 F = Levels seen in this place.
 G = Mean time per level.
                   A        B        C        D        E       F      G
               +--------+--------+--------+--------+--------+-----+--------+
         Total |   5111 |   4809 |    302 |    647 |   3146 |   7 |  730.1 |
       Dungeon |   4831 |   4620 |    211 |    647 |   2958 |   6 |  805.2 |
        Temple |    280 |    189 |     91 |      0 |    188 |   1 |  280.0 |
               +--------+--------+--------+--------+--------+-----+--------+

Top non-repeatable levels by time:
     D:5: 1108 daAuts
     D:3: 932 daAuts
     D:2: 836 daAuts
     D:1: 833 daAuts
     D:4: 690 daAuts
     D:6: 430 daAuts
  Temple: 280 daAuts
